 Dungeon Crawl Stone Soup version 0.30.1-11-g7821555f0a (console) character file.

Game seed: 15968252192104106499

21 JoeltCo the Stinger (level 2, 0/20 HPs)
             Began as a Gnoll Venom Mage on Jan 10, 2024.
             Killed from afar by Sigmund (9 damage)
             ... with a magic dart
             ... on level 2 of the Dungeon.
             The game lasted 00:01:16 (775 turns).

JoeltCo the Stinger (Gnoll Venom Mage)               Turns: 775, Time: 00:01:17

Health: 0/20       AC:  3    Str:  7    XL:     2   Next: 83%
Magic:  1/7        EV: 13    Int: 14    God:
Gold:   168        SH:  0    Dex: 12    Spells: 7/10 levels left

rFire   . . .        (no weapon)
rCold   . . .        (no shield)
rNeg    . . .        a - +1 robe
rPois   .            (no helmet)
rElec   .            (no cloak)
rCorr   .            (no gloves)
SInv    .            (no boots)
Will    .....        (no amulet)
Stlth   ++           (no ring)
HPRegen 0.23/turn    (no ring)
MPRegen 0.10/turn

%: no passive effects
@: no status effects
A: fangs 1, strong nose, distributed training
a: no special abilities


You were on level 2 of the Dungeon.
You visited 1 branch of the dungeon, and saw 2 of its levels.

You collected 168 gold pieces.

Inventory:

Missiles
 f - 6 javelins
Armour
 a - a +1 robe (worn)
Scrolls
 d - a scroll of identify
Potions
 b - a potion of magic


   Skills:
 + Level 0.5 Fighting
 + Level 0.5 Short Blades
 + Level 0.5 Long Blades
 + Level 0.5 Axes
 + Level 0.5 Maces & Flails
 + Level 0.5 Polearms
 + Level 0.5 Staves
 + Level 0.5 Ranged Weapons
 + Level 0.5 Throwing
 + Level 0.5 Armour
 + Level 4.5 Dodging
 + Level 4.1 Stealth
 + Level 0.5 Shields
 + Level 0.5 Unarmed Combat
 + Level 4.9 Spellcasting
 + Level 0.4 Conjurations
 + Level 0.4 Hexes
 + Level 0.4 Summonings
 + Level 0.4 Necromancy
 + Level 0.4 Translocations
 + Level 2.0 Transmutations
 + Level 0.4 Fire Magic
 + Level 0.4 Ice Magic
 + Level 0.4 Air Magic
 + Level 0.4 Earth Magic
 + Level 5.4 Poison Magic
 + Level 0.7 Invocations
 + Level 0.5 Evocations


You had 7 spell levels left.
You knew the following spells:

 Your Spells              Type           Power      Damage    Failure   Level
a - Sting                 Tmut/Pois      52%        1d5       3%          1
b - Poisonous Vapours     Pois/Air       22%        N/A       9%          2

Your spell library contained the following spells:

 Spells                   Type           Power      Damage    Failure   Level
 Olgreb's Toxic Radiance  Pois           18%        N/A       19%         4
 Lesser Beckoning         Tloc           8%         N/A       22%         2
 Mephitic Cloud           Conj/Pois/Air  9%         N/A       22%         3
 Gell's Gravitas          Tloc           4%         N/A       41%         3
 Teleport Other           Tloc           4%         N/A       41%         3


Dungeon Overview and Level Annotations

Branches:
Dungeon (2/15)

Altars:

Annotations:
D:2 Sigmund


Innate Abilities, Weirdness & Mutations

You have very sharp teeth.
Your uncanny sense of smell can sniff out nearby items.
Your experience applies equally to all skills.


Message History

You kill the adder!
Casting: Sting (safe; 3% risk of failure)
Confirm with . or Enter, or press ? or * to list all spells.
You can't see any susceptible monsters within range! (Use Z to cast anyway.) Unknown command.
Unknown command.
HP restored.
Magic restored.
Sigmund the Dreaded comes into view.
He is wielding a +0 scythe and carrying a wand of quicksilver (6).
Sigmund shouts!
Casting: Sting (safe; 3% risk of failure)
Confirm with . or Enter, or press ? or * to list all spells.
Aiming: Poisonous Vapours (safe; 9% risk of failure)
Press: ? - help, Dir - move target, f - Sigmund
Aim: Sigmund, wielding a +0 scythe, wearing a +0 robe and carrying a wand of quicksilver (6) Poisonous vapours surround Sigmund!
Sigmund is poisoned.
Sigmund casts a spell at you. You resist with significant effort.
Unknown command.
Casting: Poisonous Vapours (safe; 9% risk of failure)
Confirm with . or Enter, or press ? or * to list all spells.
Aiming: Poisonous Vapours (safe; 9% risk of failure)
Press: ? - help, Dir - move target, f/p - Sigmund
Aim: Sigmund, wielding a +0 scythe, wearing a +0 robe and carrying a wand of quicksilver (6) (poisoned) Poisonous vapours surround Sigmund!
Sigmund looks even sicker.
Sigmund points at you and mumbles some strange words.
The magic dart hits you.
You see here a bat corpse.
Casting: Poisonous Vapours (safe; 9% risk of failure)
Confirm with . or Enter, or press ? or * to list all spells.
Aiming: Poisonous Vapours (safe; 9% risk of failure)
Press: ? - help, Dir - move target, f/p - Sigmund
Aim: Sigmund, wielding a +0 scythe, wearing a +0 robe and carrying a wand of quicksilver (6) (moderately wounded, very poisoned) Poisonous vapours surround Sigmund!
Sigmund looks even sicker.
Sigmund gestures at you while chanting. The puff of flame hits you!
Ouch! That really hurt!
Sigmund points at you and mumbles some strange words.
The magic dart hits you!
You die...

....... .##.....
........ ...... ....#
#..# ##### #@.##......
#....#..# #.#....#
#†##...# #@##..>#
#....#.# #..###.#
#..###.#
################......#
.................######
##################


You could see Sigmund (very poisoned).

Vanquished Creatures
  An adder (D:2)
  A dart slug (D:1)
  2 endoplasms (D:1)
  A goblin (D:1)
  A ball python (D:1)
  A bat (D:2)
  2 frilled lizards (D:1)
  A kobold (D:1)
  A rat (D:1)
11 creatures vanquished.

Notes
Turn   | Place    | Note
-------+----------+-------------------------------------------
     0 | D:1      | JoeltCo the Gnoll Venom Mage began the quest for the Orb.
     0 | D:1      | Reached XP level 1. HP: 13/13 MP: 6/6
   285 | D:1      | Reached XP level 2. HP: 11/19 MP: 4/7
   674 | D:1      | Learned a level 2 spell: Poisonous Vapours
   766 | D:2      | Noticed Sigmund
   775 | D:2      | Killed from afar by Sigmund

Illustrated notes

Levels and vault maps discovered:
D:1:      lemuel_arrival_tunnels, layout_rooms
D:2:      layout_basic, uniq_sigmund

Skill      XL: |  1 |
---------------+----+-----
Transmutations | 2 |  2.0
Fighting       | |  0.5
Short Blades   | |  0.5
Long Blades    | |  0.5
Axes           | |  0.5
Maces & Flails | |  0.5
Polearms       | |  0.5
Staves         | |  0.5
Ranged Weapons | |  0.5
Throwing       | |  0.5
Armour         | |  0.5
Dodging        | |  4.5
Stealth        | |  4.1
Shields        | |  0.5
Unarmed Combat | |  0.5
Spellcasting   | |  4.9
Conjurations   | |  0.4
Hexes          | |  0.4
Summonings     | |  0.4
Necromancy     | |  0.4
Translocations | |  0.4
Fire Magic     | |  0.4
Ice Magic      | |  0.4
Air Magic      | |  0.4
Earth Magic    | |  0.4
Poison Magic   | |  5.4
Invocations    | |  0.7
Evocations     | |  0.5

Action                     || total
---------------------------++-------
  Melee: Unarmed           ||     8
   Cast: Sting             ||    23
         Poisonous Vapours ||     3
    Use: Scroll            ||     3
 Armour: Robe              ||     7
  Dodge: Dodged            ||     5
